 Dungeon Crawl Stone Soup version 0.23.2-1-ga50397a (webtiles) character file.

Game seed: 1271150164869561840

231 myga the Firebug (level 5, -6/38 HPs)
             Began as a Draconian Fire Elementalist on May 14, 2019.
             Was a Believer of Ru.
             Mangled by Pikel
             ... wielding a +2 whip of electrocution
              (11 damage)
             ... while paralysed by Pikel
             ... on level 4 of the Dungeon.
             The game lasted 00:14:00 (3000 turns).

myga the Firebug (Draconian Fire Elementalist)      Turns: 3000, Time: 00:14:01

Health: -6/38      AC:  7    Str: 11    XL:     5   Next: 73%
Magic:  9/9        EV:  2    Int: 15    God:    Ru [**....]
Gold:   172        SH:  0    Dex: 12    Spells: 0/9 levels left

rFire    . . .     SeeInvis .   e - +3 dagger (vamp)
rCold    x . .     Gourm    .   s - +0 buckler
rNeg     . . .     Faith    .   (armour unavailable)
rPois    .         Spirit   .   (helmet restricted)
rElec    .         Reflect  .   (no cloak)
rCorr    .         Harm     .   j - +0 pair of gloves
MR       .....                  q - +0 pair of boots
Stlth    +.........             (no amulet)
HPRegen  0.12/turn              a - ring of attention (curse)
MPRegen  0.11/turn              g - ring of protection from fire

@: paralysed, berserk cooldown, slowed
A: unfitting armour, cold-blooded, temperature sensitive, AC +5
a: Renounce Religion


You were on level 4 of the Dungeon.
You worshipped Ru.
Ru was pleased with you.
You were hungry.

You visited 1 branch of the dungeon, and saw 4 of its levels.

You collected 172 gold pieces.

Inventory:

Hand Weapons
 e - a +3 vampiric dagger (weapon)
Armour
 j - a +0 pair of gloves (worn)
 q - a +0 pair of boots (worn)
 s - a +0 buckler (worn)
Magical Staves
 m - an uncursed staff of poison
Jewellery
 a - a cursed ring of attention (left hand)
 g - a ring of protection from fire (right hand)
Scrolls
 b - a scroll of remove curse {unknown}
 d - 2 scrolls of enchant weapon
 f - a scroll of teleportation
 n - a scroll of fear {unknown}
 o - a scroll of fog {unknown}
Potions
 i - a potion of invisibility {unknown}
 k - a potion of curing {unknown}
 l - a potion of heal wounds
 r - a potion of lignification
Comestibles
 h - 8 rations


   Skills:
 + Level 0.3 Fighting
 + Level 2.3 Short Blades
 + Level 3.0 Dodging
 + Level 2.0 Stealth
 + Level 0.1 Unarmed Combat
 + Level 2.9 Spellcasting
 + Level 2.0 Conjurations
 + Level 4.0 Fire Magic


You couldn't memorise any spells.
You knew the following spells:

 Your Spells              Type           Power        Failure   Level  Hunger
a - Flame Tongue          Conj/Fire      ##...        10%         1    #......
b - Throw Flame           Conj/Fire      ##....       14%         2    ##.....
c - Conjure Flame         Conj/Fire      ##......     28%         3    ###....
d - Inner Flame           Hex/Fire       #.......     41%         3    ###....

Your spell library contained the following spells:

 Spells                   Type           Power        Failure   Level  Hunger
 Sticky Flame             Conj/Fire      ##......     67%         4    #####..
 Fireball                 Conj/Fire      ##........   95%         5    ######.


Dungeon Overview and Level Annotations

Branches:
Dungeon (4/15)
 Temple: D:4-7

Altars:
Ru

Annotations:
D:4 Pikel


Innate Abilities, Weirdness & Mutations

Your plain brown scales are hard. (AC +5)
You cannot fit into any form of body armour.
You are cold-blooded and may be slowed by cold attacks.
You are sensitive to extremes of temperature. (rF-, rC-)


Message History

You hit Pikel.
Pikel is lightly wounded.
The centaur skeleton hits you but does no damage.
The slave closely misses you. Pikel misses you.
You hit Pikel.
You feel better.
Pikel is moderately wounded.
The centaur skeleton hits you.
You puncture Pikel!
You feel better.
Pikel is severely wounded.
The slave closely misses you.
Pikel zaps a wand.
You suddenly lose the ability to move!
The centaur skeleton hits you. The centaur skeleton hits you.
The slave hits you. Pikel barely misses you.
You are no longer berserk.
You feel yourself slow down. The centaur skeleton hits you.
* * * LOW HITPOINT WARNING * * *
The slave hits you but does no damage.
Pikel hits you with a +2 whip of electrocution.
* * * LOW HITPOINT WARNING * * *
You are electrocuted!
You die...

### ###.##
#.p@.# #.
##ZK####...
#pSp......
##ll......
#.....#...
#####........
###.##.#.......
##
#.#....#.......
.##
##.l.pp.........


You could see Pikel, 3 slaves, 2 iguanas, a ball python and a centaur skeleton.

Vanquished Creatures
  A howler monkey (D:3)
  A centaur skeleton (D:3)
  A worker ant (D:3)
  3 adders (D:2)
  An ooze (D:2)
  An adder zombie (D:4)
  2 worms (D:3)
  2 dart slugs (D:1)
  2 leopard geckos
  An orc (D:3)
  4 giant cockroaches
  10 goblins
  7 hobgoblins
  10 jackals
  5 quokkas
  3 ball pythons
  8 bats
  7 frilled lizards
  10 kobolds
  11 rats
90 creatures vanquished.

Notes
Turn   | Place    | Note
-------+----------+-------------------------------------------
     0 | D:1      | myga the Draconian Fire Elementalist began the quest for
                  | the Orb.
     0 | D:1      | Reached XP level 1. HP: 14/14 MP: 3/3
   516 | D:1      | Reached XP level 2. HP: 20/20 MP: 0/5
   540 | D:1      | Learned a level 2 spell: Throw Flame
   933 | D:1      | Reached XP level 3. HP: 26/26 MP: 4/6
   995 | D:1      | Learned a level 3 spell: Conjure Flame
  1382 | D:2      | Found a sacrificial altar of Ru.
  1433 | D:2      | Became a worshipper of Ru the Awakened
  1529 | D:2      | Reached XP level 4. HP: 33/33 MP: 0/7
  2031 | D:3      | Reached skill level 1 in Short Blades
  2281 | D:3      | Reached XP level 5. HP: 38/38 MP: 7/9
  2351 | D:3      | Learned a level 3 spell: Inner Flame
  2402 | D:3      | Gained mutation: You are sensitive to extremes of
                  | temperature. (rF-, rC-) [Ru sacrifice]
  2402 | D:3      | Reached * piety under Ru
  2402 | D:3      | Reached ** piety under Ru
  2943 | D:4      | Noticed a slave
  2943 | D:4      | Noticed a slave
  2943 | D:4      | Noticed Pikel
  2944 | D:4      | Noticed a slave
  2946 | D:4      | Noticed a slave
  2986 | D:4      | Reached skill level 4 in Fire Magic
  2998 | D:4      | Paralysed by Pikel for 6 turns
  3000 | D:4      | Mangled by Pikel

Skill      XL: |  1  2  3  4  5 |
---------------+----------------+-----
Dodging        | 2 3 |  3.0
Short Blades   | 1 2 |  2.3
Stealth        | 2 |  2.0
Conjurations   | 2 |  2.0
Fire Magic     | 4 |  4.0
Fighting       | |  0.3
Unarmed Combat | |  0.1
Spellcasting   | |  2.9

Action                   |  1- 3 |  4- 6 || total
-------------------------+-------+-------++-------
Melee: Unarmed           |    10 |       ||    10
       Club              |     8 |       ||     8
       Tailslap          |     6 |     5 ||    11
       Dagger            |    47 |    84 ||   131
 Cast: Flame Tongue      |    43 |    46 ||    89
       Throw Flame       |     3 |     9 ||    12
Invok: Sacrifice Resista |       |     1 ||     1
  Use: Scroll            |     6 |       ||     6
       Potion            |       |     3 ||     3
  Eat: Chunk             |     4 |     5 ||     9
       Ration            |     1 |       ||     1
Armor: Skin              |    23 |    31 ||    54
Dodge: Dodged            |    44 |    72 ||   116
Block: Buckler           |       |     5 ||     5
